Cogmind - Beta 13 @@@ ROGUE MODE // 2024.04.13 @ 18:15:59 Player: Pitifulpancake Result: Destroyed by Y-45 Defender with Heavy Assault Rifle Performance ------------- Evolutions (2) 1000 Regions Visited (5) 1000 Robots Destroyed (67) 335 Value Destroyed (2432) 2432 Prototype IDs (10) 200 Alien Tech Used (0) 0 Bonus (297) 297 TOTAL SCORE: 5264 Bonus ------- High Alert Combat Kills 236 Entered Garrisons 200 Friendly Fire -139 Cogmind --------- Core Integrity 0/550 Matter 292/300 Energy 180/180 System Corruption 0% Temperature Cool (0) Movement Walking (120) Location -8/Materials Parts ------- > --- POWER (1) -------- Meta Core > --- PROPULSION (3) --- Carbon-fiber Leg Carbon-fiber Leg > --- UTILITY (5) ------ Advanced Heat Sink Melee Analysis Suite Heavy Armor Plating > --- WEAPON (2) ------- Particle Gun Heavy Assault Rifle > --- INVENTORY (5) ---- Light Angular Momentum Engine Force Booster ECM Suite Particle Gun Makeshift Sword Peak State ------------ > --- POWER ------------ Meta Core > --- PROPULSION ------- Light Treads Light Treads Light Treads Spiked Treads > --- UTILITY ---------- Improved Heat Sink Improved Sensor Array Melee Analysis Suite Improved Particle Charger Light Armor Plating Makeshift Light Armor Plating > --- WEAPON ----------- Gauss Rifle Gauss Rifle > --- INVENTORY -------- Light Angular Momentum Engine Force Booster ECM Suite Heavy Assault Rifle Makeshift Sword [Rating: 46] Favorites ----------- Power Meta Core Engine Ion Engine Power Core Meta Core Propulsion Light Treads Treads Light Treads Leg Carbon-fiber Leg Hover Unit Improved Hover Unit Utility Makeshift Light Armor Plating Device Improved Heat Sink Storage Small Storage Unit Processor Melee Analysis Suite Protection Makeshift Light Armor Plating Weapon Light Assault Rifle Energy Gun Particle Gun Ballistic Gun Light Assault Rifle Special Weapon Multitool Slashing Weapon Makeshift Sword Build | -11 -10 -10 -8 -8 -8 ------- Run | Yrd Mat Sub Mat Gar Mat Slots Evolved 4 | . . . 4 . . Power . | . . . . . . Propulsion 1 | . . . 1 . . Utility 3 | . . . 3 . . Weapon . | . . . . . . Parts Attached 90 | 8 22 19 2 36 3 Power 12 | 1 6 5 . . . Engine 11 | 1 6 4 . . . Core 1 | . . 1 . . . Reactor . | . . . . . . Propulsion 27 | 2 7 4 . 14 . Treads 17 | 2 5 4 . 6 . Leg 8 | . . . . 8 . Wheel . | . . . . . . Hover 2 | . 2 . . . . Flight . | . . . . . . Utility 22 | 3 3 2 2 10 2 Device 8 | 2 . . 1 4 1 Storage 1 | 1 . . . . . Processor 4 | . 1 . 1 2 . Hackware . | . . . . . . Protection 9 | . 2 2 . 4 1 Artifact . | . . . . . . Weapon 29 | 2 6 8 . 12 1 Energy Gun 5 | . . . . 4 1 Energy Cannon . | . . . . . . Ballistic Gun 21 | 2 5 7 . 7 . Ballistic Cannon . | . . . . . . Launcher . | . . . . . . Special Weapon 1 | . . 1 . . . Impact Weapon . | . . . . . . Slashing Weapon 2 | . 1 . . 1 . Piercing Weapon . | . . . . . . Special Melee Weapon . | . . . . . . Unidentified Prototypes . | . . . . . . Parts Lost 25 | . 2 1 . 19 3 Power . | . . . . . . Propulsion 6 | . . . . 5 1 Utility 10 | . . 1 . 8 1 Weapon 9 | . 2 . . 6 1 Highest Loss Streak 6 | . 1 1 . 6 2 To Critical Strikes . | . . . . . . Average Slot Usage (%) 90 | . 99 84 64 90 89 Engine 6 | . 14 6 . . . Core 4 | . . 4 7 7 9 Treads 22 | . 24 28 21 18 . Leg 3 | . . . . 8 27 Device 5 | . 3 . 4 15 11 Storage 4 | . 14 . . . . Processor 5 | . 1 . 2 13 17 Protection 11 | . 8 15 7 9 7 Energy Gun 1 | . . . . 5 2 Ballistic Gun 22 | . 27 28 21 10 14 Naked Turns . | . . . . . . Heaviest Build 38 | 12 14 38 21 27 29 Greatest Support 80 | 40 40 60 60 80 45 Greatest Overweight (x) 1 | 1 1 . . . . Average Overweight (x) . | . . . . . . Largest Inventory Capacity 8 | 8 8 8 5 5 5 Average Capacity 5 | 7 8 5 5 5 5 Most Carried 8 | 5 8 8 5 5 5 Average Carried 5 | 3 7 4 5 4 4 Final Capacity 8 | 8 8 5 5 5 5 Final Carried 8 | 5 8 5 5 5 5 Class Distribution -------------------- 48% | Mutant 28% | Scavenger-Mutant 12% | Derelict-Tank 5% | Subdweller-Mutant 4% | Subdweller-Tank Dominant Class ---------------- Mutant | -10/Materials Mutant | -10/Subcaves Derelict-Tank | -8/Materials Scavenger-Mutant | -8/Garrison Scavenger-Mutant | -8/Materials Resources | -11 -10 -10 -8 -8 -8 ----------- Run | Yrd Mat Sub Mat Gar Mat Matter Collected 2173 | 320 511 370 . 858 114 Remotely . | . . . . . . Salvage Created 2645 | 147 799 255 . 1204 240 Parts 152 | 7 47 19 . 65 14 Haulers Intercepted . | . . . . . . Recyclers Shooed 5 | . 5 . . . . Parts Field Recycled . | . . . . . . Retrieved Matter . | . . . . . . Parts Self-Destructed 3 | . . 3 . . . Prevented . | . . . . . . Kills | -11 -10 -10 -8 -8 -8 ------- Run | Yrd Mat Sub Mat Gar Mat Combat Hostiles Destroyed 55 | . 16 7 . 28 4 Guns 53 | . 16 7 . 26 4 Classes Destroyed 11 | 3 3 1 . 4 . Worker 3 | 1 1 . . . 1 Tunneler 3 | 3 . . . . . Recycler 3 | 1 2 . . . . Watcher 2 | . 2 . . . . Swarmer 8 | . 3 . . 5 . Grunt 24 | . 13 . . 9 2 Sentry 10 | . . . . 8 2 Specialist 2 | . . . . 2 . Hunter 3 | . . . . 3 . Behemoth 1 | . . . . 1 . Subdweller 7 | . . 7 . . . Thug 1 | . . 1 . . . Best Kill Streak 4 | 2 3 3 . 4 2 Combat Bots Only 4 | . 3 3 . 4 2 Max Kills in Single Turn 1 | 1 1 1 . 1 1 Gunslinging . | . . . . . . Exploded . | . . . . . . Melee . | . . . . . . Uniques/NPCs Destroyed . | . . . . . . Combat | -11 -10 -10 -8 -8 -8 -------- Run | Yrd Mat Sub Mat Gar Mat Hostile Shots Fired 502 | . 111 28 . 318 45 Missed 155 | . 24 9 . 113 9 Damage Taken 5273 | . 996 724 . 3031 522 Core 705 | . 144 9 . 490 62 Absorbed by Shields 2 | . . . . 2 . Redirected to Shielding 53 | . 53 . . . . Regen/Repaired (Parts) 228 | . 228 . . . . Core Remaining (%) 69 | 100 . 38 . . . Volleys Fired 309 | 10 111 32 . 127 29 Largest 3 | 2 2 3 . 3 2 Hottest 130 | 40 40 88 . 130 88 Shots Fired 623 | 20 215 82 . 259 47 Gun 621 | 20 215 80 . 259 47 Cannon . | . . . . . . Launcher . | . . . . . . Special 2 | . . 2 . . . Kinetic 516 | 20 215 80 . 167 34 Thermal 107 | . . 2 . 92 13 Explosive . | . . . . . . Electromagnetic . | . . . . . . Robot Hit Streak 17 | 4 11 9 . 17 10 Robot Miss Streak 8 | 2 8 3 . 3 2 Penetration Max . | . . . . . . Secondary Targets 9 | . 2 2 . 5 . Max Gunslinging Chain 1 | . 1 1 . 1 . Shots Hit Robots 384 | 12 120 39 . 177 36 Core Hits 134 | 7 48 16 . 54 9 Critical Kills 2 | . 1 . . . 1 Critical Parts Destroyed 3 | . 2 . . 1 . Critical Strikes 10 | . 3 . . 6 1 Burn 3 | . . . . 3 . Destroy 7 | . 3 . . 3 1 Melee Attacks . | . . . . . . Impact . | . . . . . . Slashing . | . . . . . . Piercing . | . . . . . . Sneak Attacks . | . . . . . . Combat Hostiles . | . . . . . . Follow-up Attacks . | . . . . . . Damage Inflicted 5553 | 143 1130 619 . 3119 542 Guns 5545 | 143 1126 615 . 3119 542 Cannons . | . . . . . . Explosions . | . . . . . . Melee . | . . . . . . Ramming 4 | . 4 . . . . Kinetic 4231 | 143 1126 615 . 1979 368 Thermal 1318 | . . 4 . 1140 174 Explosive . | . . . . . . Electromagnetic . | . . . . . . Impact . | . . . . . . Slashing . | . . . . . . Piercing . | . . . . . . Highest Corruption 2 | . 2 2 . . . Average Corruption 1 | . 1 2 . . . Corruption Purged . | . . . . . . Corruption Blocked . | . . . . . . Effects 37 | . 11 26 . . . Message Errors 10 | . 3 7 . . . Matter Fused 4 | . 2 2 . . . Heat Flow Errors 10 | . 2 8 . . . Energy Discharges 3 | . 1 2 . . . Parts Fused 2 | . 1 1 . . . Data Loss (minor) 3 | . 1 2 . . . Data Loss (major) 3 | . 1 2 . . . Misfires 2 | . . 2 . . . Overload Shots . | . . . . . . Overflow Damage . | . . . . . . Projectiles . | . . . . . . Explosions . | . . . . . . Melee . | . . . . . . Knockbacks . | . . . . . . Impact . | . . . . . . Kinetic . | . . . . . . Secondary . | . . . . . . Self-Inflicted Damage . | . . . . . . Shots . | . . . . . . Rammed 1 | . 1 . . . . Targets Rammed 1 | . 1 . . . . Kicked . | . . . . . . Crushed . | . . . . . . Highest Temperature 315 | . 273 243 . 315 17 Average Temperature 57 | . 35 103 . 60 12 Received Heat Transfer 1808 | . 468 108 . 971 261 Effects 4 | . 3 1 . . . Energy Bleed 1 | . . 1 . . . Interference 3 | . 3 . . . . Siege Activations . | . . . . . . Robots Corrupted . | . . . . . . Combat Hostiles . | . . . . . . Parts Fried . | . . . . . . Impact Corruptions . | . . . . . . Robots Melted 2 | . . . . 2 . Combat Hostiles 2 | . . . . 2 . Parts Melted 4 | . . . . 2 2 Heat Transferred 3133 | . . 25 . 2701 407 Parts Sabotaged . | . . . . . . Parts Stolen . | . . . . . . Parts Stripped . | . . . . . . Power Chain Reactions . | . . . . . . Alert | -11 -10 -10 -8 -8 -8 ------- Run | Yrd Mat Sub Mat Gar Mat Peak Influence 842 | 25 206 . 4 842 590 Initial 410 | . 16 . . 2 410 Average 307 | 10 121 . . 531 473 Maximum Alert Level 3 | . 1 . . 3 2 Low Security (%) 57 | 100 98 . 100 15 . Level 1 4 | . 1 . . 8 6 Level 2 25 | . . . . 42 93 Level 3 12 | . . . . 32 . Level 4 . | . . . . . . Level 5 . | . . . . . . High Security . | . . . . . . Max Security . | . . . . . . Squads Dispatched 5 | . 4 . . . 1 Investigation 4 | . 4 . . . . Extermination . | . . . . . . Reinforcement 1 | . . . . . 1 Assault . | . . . . . . Garrison . | . . . . . . Intercept . | . . . . . . Searches Triggered . | . . . . . . Construction Impeded . | . . . . . . Haulers Reinforced . | . . . . . . Active Scanning Responses . | . . . . . . Cargo Convoy Interrupts . | . . . . . . Stealth | -11 -10 -10 -8 -8 -8 --------- Run | Yrd Mat Sub Mat Gar Mat Distress Signals 2 | . 2 . . . . Communications Jammed . | . . . . . . Distress Signals . | . . . . . . Times Spotted 105 | . 44 17 . 38 6 Peak Tracking Total 6 | . 6 3 . 6 2 Tactical Retreats 16 | . 2 . . 14 . Traps | -11 -10 -10 -8 -8 -8 ------- Run | Yrd Mat Sub Mat Gar Mat Traps Triggered 13 | . 5 2 . 6 . Indirectly . | . . . . . . Trap Hack Attempts . | . . . . . . Triggered . | . . . . . . Disarmed . | . . . . . . Reprogrammed . | . . . . . . Reused . | . . . . . . Traps Extracted . | . . . . . . Installed . | . . . . . . Triggered . | . . . . . . Machines | -11 -10 -10 -8 -8 -8 ---------- Run | Yrd Mat Sub Mat Gar Mat Machines Disabled 2 | . . 1 . 1 . Max in Single Turn 1 | . . 1 . 1 . Garrison Relay 1 | . . . . 1 . Machines Repaired . | . . . . . . Machines Dismantled . | . . . . . . Machines Sabotaged . | . . . . . . Overloaded Fab Kills . | . . . . . . Hacking | -11 -10 -10 -8 -8 -8 --------- Run | Yrd Mat Sub Mat Gar Mat Machines Accessed 10 | . 7 1 1 . 1 Terminals 6 | . 5 . . . 1 Fabricators . | . . . . . . Repair Stations 1 | . 1 . . . . Recycling Units 1 | . 1 . . . . Scanalyzers . | . . . . . . Garrison Access 1 | . . . 1 . . Total Hacks 35 | . 21 9 1 . 4 Successful 24 | . 12 9 1 . 2 Failed 11 | . 9 . . . 2 Catastrophic 1 | . 1 . . . . Database Lockouts . | . . . . . . Manual 7 | . 5 1 . . 1 Terminals 19 | . 15 . . . 4 Fabricators . | . . . . . . Repair Stations 4 | . 4 . . . . Recycling Units 2 | . 2 . . . . Scanalyzers . | . . . . . . Garrison Access 1 | . . . 1 . . Terminal Hacks 17 | . 6 9 . . 2 Record 10 | . . 8 . . 2 Terminal Index 1 | . 1 . . . . Alert Level 1 | . 1 . . . . Locate Traps 1 | . 1 . . . . Recall Investigation 1 | . 1 . . . . Zone Layout 2 | . 2 . . . . Derelict Proto ID Bank 1 | . . 1 . . . Fabricator Hacks . | . . . . . . Repair Station Hacks 4 | . 4 . . . . Scan Component 2 | . 2 . . . . Repair 2 | . 2 . . . . Recycling Unit Hacks 2 | . 2 . . . . Process 1 | . 1 . . . . Retrieve Matter 1 | . 1 . . . . Scanalyzer . | . . . . . . Garrison Access Hacks 1 | . . . 1 . . Unlock Access 1 | . . . 1 . . Unauthorized Hacks . | . . . . . . Terminals . | . . . . . . Fabricators . | . . . . . . Repair Stations . | . . . . . . Recycling Units . | . . . . . . Scanalyzers . | . . . . . . Garrison Access . | . . . . . . Data Cores Recovered . | . . . . . . Used . | . . . . . . Hacking Detections 7 | . 5 . 1 . 1 Full Trace Events 3 | . 3 . . . . Feedback Events . | . . . . . . Feedback Blocked . | . . . . . . Robot Schematics Acquired . | . . . . . . Robots Built . | . . . . . . Authchips . | . . . . . . Time . | . . . . . . Total Robot Build Rating . | . . . . . . Part Schematics Acquired . | . . . . . . Parts Built . | . . . . . . Authchips . | . . . . . . Time . | . . . . . . Total Part Build Rating . | . . . . . . Parts Repaired 2 | . 2 . . . . Time 52 | . 52 . . . . Parts Recycled . | . . . . . . Recycled Matter 128 | . 128 . . . . Retrieved Matter 280 | . 280 . . . . Retrieved Components . | . . . . . . Parts Scanalyzed . | . . . . . . Part Schematics Acquired . | . . . . . . Parts Damaged . | . . . . . . Bothacking | -11 -10 -10 -8 -8 -8 ------------ Run | Yrd Mat Sub Mat Gar Mat Used RIF Installer . | . . . . . . Robots Hacked . | . . . . . . Non-combat . | . . . . . . Combat . | . . . . . . Robot Hacks Applied . | . . . . . . Relay Couplers Released 4 | . . . . 4 . Machine Destruction 4 | . . . . 4 . Fabnet Peak Effective % . | . . . . . . Robots Rewired . | . . . . . . Allies Hacked . | . . . . . . Hacks Repelled . | . . . . . . Allies | -11 -10 -10 -8 -8 -8 -------- Run | Yrd Mat Sub Mat Gar Mat Total Allies . | . . . . . . Largest Group . | . . . . . . Highest-Rated Group . | . . . . . . Highest-Rated Ally . | . . . . . . Total Orders . | . . . . . . Ally Attacks . | . . . . . . Total Damage . | . . . . . . Kills . | . . . . . . Allies Corrupted . | . . . . . . Allies Melted . | . . . . . . Intel | -11 -10 -10 -8 -8 -8 ------- Run | Yrd Mat Sub Mat Gar Mat Robot Analysis Total . | . . . . . . Derelict Logs Recovered . | . . . . . . Drone Launches . | . . . . . . Drone Recoveries . | . . . . . . Exploration | -11 -10 -10 -8 -8 -8 ------------- Run | Yrd Mat Sub Mat Gar Mat Turns Passed 6985 | 242 2049 2437 51 1780 426 Spaces Moved 3621 | 133 1144 1287 31 873 153 Core 17 | 17 . . . . . Treads 2874 | 116 950 1287 31 490 . Legs 536 | . . . . 383 153 Wheels . | . . . . . . Hover 194 | . 194 . . . . Flight . | . . . . . . Fastest Speed 50 | 50 56 160 160 120 120 Average Speed 148 | 147 142 160 160 142 120 Slowest Speed 160 | 160 160 160 160 160 120 Overloaded Moves . | . . . . . . Propulsion Burnouts . | . . . . . . Robots Hopped . | . . . . . . Cave-ins Triggered . | . . . . . . Exploration Rate (%) 41 | 6 97 70 5 53 16 Regions Visited 5 Branch Regions 1 Pre-discovered Areas 1 | . . 1 . . . Known Exits Taken 1 | . . . 1 . . Unknown Exits Taken 3 | 1 1 1 . . . Scrap Searched 12 | . . 12 . . . Spaces Dug . | . . . . . . Terrain Destroyed . | . . . . . . Melee . | . . . . . . Projectile . | . . . . . . AOE . | . . . . . . Terrain Rammed . | . . . . . . Walls Destroyed . | . . . . . . Machines Disabled . | . . . . . . Actions | -11 -10 -10 -8 -8 -8 --------- Run | Yrd Mat Sub Mat Gar Mat Total 4689 | 158 1387 1606 32 1156 350 Wait 569 | . 80 235 . 98 156 Move 3616 | 132 1143 1286 30 872 153 Hop . | . . . . . . Pick Up 32 | 6 11 8 . 3 4 Fast Attach 50 | 8 8 10 2 21 1 Attach 6 | . 3 . . 1 2 Detach 4 | . . 1 . 2 1 Swap 34 | . 11 9 . 14 . Drop 62 | 2 19 21 . 16 4 Fire 309 | 10 111 32 . 127 29 Melee . | . . . . . . Ram . | . . . . . . Kick . | . . . . . . Crush 1 | . 1 . . . . Escape Stasis 2 | . . . . 2 . Rewire . | . . . . . . Trap . | . . . . . . Miscellaneous 4 | . . 4 . . . Route ------- -11/Scrapyard -10/Materials (discovered 6 exits: [*Mat x3] / [*Min x2] / *Sub) -10/Subcaves -8/Materials -8/Garrison (discovered 2 exits: *Mat x2) -8/Materials History --------- Turn | Location | Event 15 | -11/Scrapyard | Discovered new exit (range 15) 243 | -11/Scrapyard | Entered Materials 301 | -10/Materials | Build established: Mutant 566 | -10/Materials | Discovered new exit (range 12) 913 | -10/Materials | Repaired Lgt. Treads? 947 | -10/Materials | Discovered new exit (range 3) 1025 | -10/Materials | Repaired Lgt. Treads 1278 | -10/Materials | Core integrity fell below 50% 1322 | -10/Materials | Discovered new exit (range 16) 1641 | -10/Materials | Discovered new exit (range 13) 1843 | -10/Materials | Discovered new exit (range 6) 2280 | -10/Materials | Discovered new exit (range 10) 2292 | -10/Materials | Entered Subcaves 2490 | -10/Subcaves | Ambushed by swarm of Subdwellers 2564 | -10/Subcaves | Disturbed a concealed Subdweller 2696 | -10/Subcaves | Learned location of Zion (-7) 2696 | -10/Subcaves | Met a Zionite searching for "candidates" 2847 | -10/Subcaves | Build established: Subdweller-Mutant 3267 | -10/Subcaves | Build established: Mutant 3505 | -10/Subcaves | Visited 4L-MR0's lab 3526 | -10/Subcaves | Found Meta Core 3527 | -10/Subcaves | Attached Meta Core, gained temporary slots: Propulsion, Utility, Weapon 4043 | -10/Subcaves | Build established: Subdweller-Tank 4287 | -10/Subcaves | Shifting Twisted Machinery released Mak. Sword 4292 | -10/Subcaves | Shifting Twisted Machinery released Sub. Monowheel 4377 | -10/Subcaves | Build established: Derelict-Tank 4563 | -10/Subcaves | Shifting Twisted Machinery released Sub. Power Source 4564 | -10/Subcaves | Shifting Twisted Machinery released Spk. Treads 4714 | -10/Subcaves | Discovered new exit (range 10) 4729 | -10/Subcaves | Entered Materials 4729 | -8/Materials | Evolved 4 slots: Propulsion x1, Utility x3 4776 | -8/Materials | Identified exit to Garrison 4780 | -8/Materials | Entered Garrison 4940 | -8/Garrison | Triggered checkpoint 5046 | -8/Garrison | Triggered checkpoint 5138 | -8/Garrison | Spotted B-75 Beast 5141 | -8/Garrison | Discovered new exit (range 14) 5262 | -8/Garrison | Build established: Scavenger-Mutant 5333 | -8/Garrison | Triggered checkpoint 5388 | -8/Garrison | Triggered checkpoint 5405 | -8/Garrison | Garrison Relay disabled 5679 | -8/Garrison | Lost 6 parts (1n3u2w) 5974 | -8/Garrison | Lost 5 parts (2n2u1w) 6009 | -8/Garrison | Core integrity fell below 50% 6097 | -8/Garrison | Destroyed B-75 Beast 6310 | -8/Garrison | Triggered checkpoint 6336 | -8/Garrison | Core integrity fell below 20% 6464 | -8/Garrison | Triggered checkpoint 6518 | -8/Garrison | Discovered new exit (range 10) 6560 | -8/Garrison | Entered Materials 6986 | -8/Materials | Destroyed by Y-45 Defender with Heavy Assault Rifle Last Messages --------------- components based on old technology. >>Query(Blade Trap) A simple trap mechanism, though the effectiveness of forcibly detaching target components is not to be underestimated where hostile forces are incapable of rebuilding in the field. K-01 Serf collects debris. Acquired Particle Gun. K-01 Serf collects debris. Acquired 10 matter. R-06 Scavenger collects Aluminum Leg. Critical hit (Burn: +37). Imp. Ion Engine melted. Hvy. Assault Rifle melted. Y-45 Defender destroyed. Acquired 21 matter. Targeting Computer destroyed. Atomic Centrifuge disabled. Carbon-fiber Leg destroyed. Map ----- +----------------------------------------------------+ | ?????????????????????????????????????????????????? | | ?????????????????????????????????????????????????? | | ?????????????????????????????????????????????????? | | ?????????????????????????????????????????????????? | | ?????????????????????????????????????????????????? | | ?????????????????????????????????????????????????? | | ?????????????????????????????????????????????????? | | ?????????????????????????????????????????????????? | | ?????????????????????????????????????????????????? | | ?????????????????????????????????????????????????? | | ?????????????????????????????????????????????????? | | ?????????????????????????????????????????????????? | | ?????????????????????????????????????????????????? | | ?????????????????????????????????????????????????? | | ???????????????????????????????????????????####### | | ???????????????????????????????????????????# | | ????????????????????????????##?????????????# | | ???????????????????????????? ??????""""???# | | ???????????????????????????? +?????""""???# """ " | | ???????????????????????????? #?????""""#??# """ " | | ??????????????????#+#######?# #?????""" ???# """ " | | ????????????????# #?# #????? ????# % | | ????????????????# #?# #?????#/#????# % | | ????????????????# [! """ #?# #????## ##???#####+# | | ???????????????##% [! """ ### ###### #???????# # | | ???????????????# =! "" @/ #???????# # | | ????????????????# Y ###+###### ! #???????# # | | ????????????????# # ???## ##??????## # | | ????????????????# ] # """#??#%######### | | ????????????????########### """#??#= T | | ??????????????????????????# """#??########### | | ??????????????????????????# #????????????#### | | ??????????????????????????# ! #???????????????? | | ??????????????????????????########???????????????? | | ?????????????????????????????????????????????????? | | | | | | | | | | | | | | | | | | | | | | | | | | | | | | | +----------------------------------------------------+ Best States ------------- Heat Dissipation 64 Energy Generation 18 Energy Capacity 250 Matter Stores 300 Matter Capacity 300 Sight Range 16 Robot Scan Range 15 Terrain Scan Range 16 Terrain Scan Density 85 ECM Strength 1 Armor Coverage 900 Propulsion Shielding 33 Evasion (%) 55 Targeting Accuracy 10 Melee Accuracy 5 Recoil Reduction 4 Particle Charging 20 Item Schematics ----------------- None Robot Schematics ------------------ None Fabricated ------------ Nothing Alien Tech Used ----------------- None Achievements -------------- Backstab Challenges ------------ None Game ------ Seed DeuteriumCargoSheargun Manual? 0 Play Time 00:59:44 Cumulative 5.5 hours Start 2024.04.13 @ 14:51:08 End 2024.04.13 @ 18:15:59 Sessions 5 Manual Loads 0 Difficulty Rogue Special Mode None Game No. 5 Rogue 5 Adventurer 0 Explorer 0 Win Type - Total 0 Types 0/0/0/0/0/0/0/0/0 Lore% 4 Gallery% 11 Achievement% 10 Wizard Run 0 Options --------- Layout 1 ASCII 0 Keyboard 0 Movement Mouse Keybinds 0 Fullscreen 2 Font 32/SmallcapsGlow Map View 50x35 Zoom Use 0% Tactical HUD 0 Map Filters NONE Filters NONE Steam 1 RUN: 8d113972-0dc9-4aae-99c2-804e4b3375a1